 Dungeon Crawl Stone Soup version 0.28-a0-1613-gdaab1c2f9b (webtiles) character file.

Game seed: 9616851815821234313

393 murtidash the Distorting Ant (level 7, -3/52 HPs)
             Began as a Formicid Abyssal Knight on Jan 22, 2022.
             Was a Believer of Lugonu.
             Engulfed by a steam dragon's steam (11 damage)
             ... on level 4 of the Dungeon.
             The game lasted 00:07:16 (3806 turns).

murtidash the Distorting Ant (FoAK)                 Turns: 3806, Time: 00:07:17

Health: -3/52      AC:  3    Str: 20    XL:     7   Next: 8%
Magic:  11/11      EV: 11    Int:  9    God:    Lugonu [**....]
Gold:   144        SH:  0    Dex: 11    Spells: 6/6 levels left

rFire   . . .      SeeInvis +   a - +1 hand axe
rCold   . . .      Faith    .   (no shield)
rNeg    . . .      Spirit   .   b - +0 leather armour
rPois   .          Reflect  .   (helmet unavailable)
rElec   .          Harm     .   (no cloak)
rCorr   .          Rampage  .   (no gloves)
Will    .....                   (no boots)
Stlth   +.........              f - amulet of regeneration {+regen, !d}
HPRegen 1.77/turn               (no ring)
MPRegen 0.12/turn               (no ring)

@: ambrosia-drunk
A: permanent stasis, dig shafts and tunnels, antennae 3, four strong arms,
regeneration 1, screaming 2
a: Dig, Shaft Self, Renounce Religion, Depart the Abyss, Bend Space


You were on level 4 of the Dungeon.
You worshipped Lugonu.
Lugonu was pleased with you.
You visited 1 branch of the dungeon, and saw 5 of its levels.
You visited the Abyss 1 time.

You collected 144 gold pieces.

Inventory:

Hand Weapons
 a - a +1 hand axe (weapon)
 j - the +3 dagger of Yeast {spect, rPois rN+ Str-4 Dex+2}
   (You found it on level 2 of the Dungeon)

   When its wielder attacks, the weapon's spirit leaps out and strikes again.
   The spirit shares a part of any damage it takes with its wielder.
   Str:       It affects your strength (-4).
   Dex:       It affects your dexterity (+2).
   rPois:     It protects you from poison.
   rN:        It protects you from negative energy.
Armour
 b - a +0 leather armour (worn)
Jewellery
 f - an amulet of regeneration (around neck) {+regen, !d}
   (You found it on level 1 of the Dungeon)
 i - an amulet of magic regeneration
   (You found it on level 2 of the Dungeon)
Scrolls
 c - 2 scrolls of teleportation {unknown}
 g - 2 scrolls of holy word {unknown}
 h - 3 scrolls of identify {unknown}
 m - a scroll of magic mapping {unknown}
Potions
 d - a potion of mutation {!q}
 e - a potion of flight {unknown}
 n - a potion of haste {unknown}


   Skills:
 + Level 3.5 Fighting
 * Level 5.1 Axes
 - Level 2.1 Armour
 - Level 0.8 Dodging
 + Level 5.9 Invocations


You had 6 spell levels left.
You didn't know any spells.
Your spell library contained the following spells:

 Spells                   Type           Power      Damage    Failure   Level
 Freeze                   Ice            0%         1d3       43%         1
 Call Canine Familiar     Summ           0%         N/A       80%         3
 Confusing Touch          Hex            0%         N/A       80%         3
 Frozen Ramparts          Ice            0%         1d2       80%         3
 Portal Projectile        Hex/Tloc       0%         N/A       80%         3
 Hailstorm                Conj/Ice       0%         3d3       99%         4
 Leda's Liquefaction      Hex/Erth       0%         N/A       99%         4
 Lee's Rapid Deconstruct  Erth           0%         3d5*      100%        5
 Yara's Violent Unravell  Hex/Tmut       0%         3d3       100%        5
 Statue Form              Tmut/Erth      0%         N/A       100%        6
 Enfeeble                 Hex            0%         N/A       100%        7


Dungeon Overview and Level Annotations

Branches:
Dungeon (5/15)             Temple (0/1) D:4

Altars:
Elyvilon
Sif Muna
Trog
Xom


Innate Abilities, Weirdness & Mutations

You cannot be hasted, slowed, berserked, paralysed or teleported.
You can dig through walls and to a lower floor.
You have a pair of large antennae on your head. (SInv)
Your four strong arms can wield two-handed weapons with a shield.
Your natural rate of healing is unusually fast.
You frequently scream uncontrollably at your foes.


Message History

No target in view!
No target in view!
No target in view!
No target in view!
No target in view!
No target in view!
No target in view!
No target in view!
g - 2 scrolls labelled JUUREH HIEGAFO (gained 1)
The black bear growls angrily.
You barely miss the black bear. The black bear closely misses you.
The black bear claws you but does no damage.
The black bear closely misses you.
There is a stone staircase leading down here.
You hit the black bear. The black bear barely misses you.
The black bear claws you but does no damage.
The black bear claws you.
You take 1 damage, and have 46/47 hp.
You hit the black bear. The black bear bites you. The black bear claws you. x2
You take 8 damage, and have 38/47 hp.
You hit the black bear.
The black bear bites you but does no damage.
The black bear claws you. x2
You take 2 damage, and have 36/47 hp.
You hit the black bear. The black bear bites you.
The black bear claws you but does no damage.
The black bear claws you.
You take 4 damage, and have 32/47 hp.
You hit the black bear.
The black bear goes berserk!
You regained 2 hp, and now have 34/47 hp.
You hit the black bear. The black bear bites you.
The black bear barely misses you. The black bear claws you.
You take 6 damage, and have 28/47 hp.
You hit the black bear. The black bear barely misses you.
The black bear misses you. The black bear claws you. The black bear misses you.
The black bear claws you. x2
You take 6 damage, and have 22/47 hp.
You hit the black bear.
You kill the black bear!
Lugonu accepts your kill.
Your Axes skill increases to level 5!
You have reached level 7!
You regained 5 hp, and now have 27/52 hp.
MP restored: 11 Health restored: 52 You slash the adder skeleton!
You destroy the adder skeleton!
Lugonu accepts your kill.
No target in view!
No target in view!
No target in view!
No target in view!
No target in view!
No target in view!
There is an open door here.
There is a fountain of clear blue water here.
There is a shimmering blue altar of Sif Muna here.
You see here a +0 leather armour.
You now have 144 gold pieces (gained 19).
There is an escape hatch in the floor here.
A steam dragon is nearby!
You aren't carrying any items that you can evoke.
What are your orders? t - Scream!
Orders for allies: a - Attack new target. r - Retreat! s - Stop attacking. g - Guard the area. f - Follow me.
Anything else - Cancel.
You scream for attention!
The steam dragon hisses angrily.
You start waiting.
A steam dragon is nearby!
You hit the steam dragon but do no damage.
The steam dragon closely misses you. The steam dragon claws you.
You take 5 damage, and have 47/52 hp.
You hit the steam dragon but do no damage.
The steam dragon bites you! The steam dragon claws you.
You take 9 damage, and have 38/52 hp.
You hit the steam dragon. The steam dragon bites you.
The steam dragon closely misses you.
You hit the steam dragon but do no damage.
The steam dragon bites you. The steam dragon claws you.
You take 2 damage, and have 36/52 hp.
You hit the steam dragon but do no damage.
The steam dragon bites you! The steam dragon claws you.
You take 11 damage, and have 25/52 hp.
MASSIVE DAMAGE!!
You hit the steam dragon but do no damage.
The steam dragon barely misses you. The steam dragon claws you.
You closely miss the steam dragon. The steam dragon bites you!
The steam dragon closely misses you.
You take 8 damage, and have 18/52 hp.
It was a potion of ambrosia.
You are confused.
You feel invigorated. The steam dragon breathes steam at you.
The ball of steam hits you!!
* * * LOW HITPOINT WARNING * * *
You take 16 damage, and have 2/52 hp.
MASSIVE DAMAGE!!
You feel better.
You are engulfed in a cloud of scalding steam.
You die...

##...###.##
###...## #..#
....### #..#
#####.# ##.##
##.#####..#
##.........###
##........##..###
##......########.#
#....##.# #@##
.(..###.## ###D#
D..## ##.#
####..## ...#
#.###....## #..#
##...D###.#
#..####..#### ###
.#........##
....####...##
#..####.....##


You could see a steam dragon (catching breath).

Vanquished Creatures
  A black bear (D:4)
  A scorpion (D:4)
  A water moccasin zombie (D:5)
  A centaur skeleton (D:4)
  Jessica (D:2)
  Terence (D:3)
  3 adders
  An adder skeleton (D:4)
  2 worms
  2 dart slugs
  8 bats
  6 endoplasms
  7 giant cockroaches
  5 goblins
  5 hobgoblins
  6 jackals
  7 kobolds
  4 quokkas
  7 ball pythons
  2 frilled lizards
  6 rats
77 creatures vanquished.

Vanquished Creatures (others)
  A plant (D:4)
1 creature vanquished.

Grand Total: 78 creatures vanquished

Notes
Turn   | Place    | Note
-------+----------+-------------------------------------------
     0 | Abyss:1  | murtidash the Formicid Abyssal Knight began the quest for
                  | the Orb.
     0 | Abyss:1  | Reached XP level 1. HP: 18/18 MP: 2/2
    71 | Abyss:1  | Noticed a starcursed mass
    72 | D:1      | Escaped the Abyss
   306 | D:1      | Reached * piety under Lugonu
   335 | D:1      | Reached XP level 2. HP: 24/24 MP: 3/3
   717 | D:1      | Found a faded altar of an unknown god.
   957 | D:2      | Reached skill level 3 in Invocations
  1020 | D:2      | Reached XP level 3. HP: 27/29 MP: 5/5
  1031 | D:2      | Noticed Jessica
  1058 | D:2      | Killed Jessica
  1059 | D:2      | Reached skill level 3 in Axes
  1099 | D:2      | Reached XP level 4. HP: 35/35 MP: 6/6
  1121 | D:2      | Found a white marble altar of Elyvilon.
  1195 | D:2      | Identified the +3 dagger of Yeast {spect, rPois rN+ Str-4
                  | Dex+2}
  1441 | D:2      | Reached skill level 4 in Invocations
  1830 | D:3      | Noticed Terence
  1849 | D:3      | Gained mutation: You occasionally shout uncontrollably at
                  | your foes. [potion of mutation]
  1849 | D:3      | Gained mutation: You frequently scream uncontrollably at
                  | your foes. [potion of mutation]
  1849 | D:3      | Gained mutation: Your natural rate of healing is unusually
                  | fast. [potion of mutation]
  1854 | D:3      | Killed Terence
  1855 | D:3      | Reached XP level 5. HP: 26/41 MP: 8/8
  1918 | D:3      | Reached ** piety under Lugonu
  2203 | D:3      | Reached skill level 4 in Axes
  2487 | D:4      | Reached skill level 5 in Invocations
  2573 | D:4      | Found a staircase to the Ecumenical Temple.
  2680 | D:4      | Reached XP level 6. HP: 47/47 MP: 9/9
  2809 | D:4      | HP: 9/47 [poisoned by a scorpion]
  2814 | D:4      | HP: 9/47 [poisoned by a scorpion]
  2931 | D:4      | Noticed a steam dragon
  3059 | D:4      | Found a shimmering altar of Xom.
  3060 | D:4      | Found a bloodstained altar of Trog.
  3062 | D:4      | Found a shimmering blue altar of Sif Muna.
  3099 | D:4      | Noticed a black bear
  3111 | D:4      | HP: 7/47 [black bear (4)]
  3111 | D:4      | HP: 2/47 [gnoll (5)]
  3112 | D:5      | Entered Level 5 of the Dungeon
  3307 | D:4      | Killed a black bear
  3308 | D:4      | Reached skill level 5 in Axes
  3308 | D:4      | Reached XP level 7. HP: 27/52 MP: 11/11
  3805 | D:4      | HP: 2/52 [steam dragon/ball of steam (21)]
  3806 | D:4      | Engulfed by a steam dragon's steam

Illustrated notes

Levels and vault maps discovered:
D:1:      lightli_arrival_flooded_house, layout_loops_ring,
          shapermc_ecumenical_altar_flowoftime
D:2:      layout_loops_ring, basic_altar, uniq_jessica
D:3:      minmay_door_path, layout_basic, uniq_terence
D:4:      layout_layer_cave, gammafunk_temple_overflow_forgotten,
          minmay_temple_entry_stoned_glass, dk_noncrumbling_3
D:5:      layout_gridville, mainiacjoe_overflow_paths

Skill      XL: |  1  2  3  4  5  6 |
---------------+-------------------+-----
Invocations    | 3 4 5 |  5.9
Axes           | 3 4 5 |  5.1
Fighting       | |  3.5
Armour         | |  2.1
Dodging        | |  0.8

Action                   |  1- 3 |  4- 6 |  7- 9 || total
-------------------------+-------+-------+-------++-------
Melee: Hand axe          |    44 |   204 |     8 ||   256
       Punch             |       |     3 |       ||     3
Invok: Depart the Abyss  |     1 |       |       ||     1
 Abil: Shaft Self        |       |     1 |       ||     1
  Use: Potion            |       |     3 |     2 ||     5
 Stab: Sleeping          |       |     1 |       ||     1
Armor: Leather armour    |    12 |    65 |       ||    77
Dodge: Dodged            |    21 |   122 |     4 ||   147

Table legend: (Time is in decaauts)
 A = Elapsed time spent in this place.
 B = Non-inter-level travel time spent in this place.
 C = Inter-level travel time spent in this place.
 D = Time resting spent in this place.
 E = Time spent auto-exploring this place.
 F = Levels seen in this place.
 G = Mean time per level.
                   A        B        C        D        E       F      G
               +--------+--------+--------+--------+--------+-----+--------+
         Total |   3837 |   3739 |     98 |     40 |   3016 |   6 |  639.5 |
       Dungeon |   3765 |   3667 |     98 |     40 |   2945 |   5 |  753.0 |
         Abyss |     72 |     72 |      0 |      0 |     71 |   1 |   72.0 |
               +--------+--------+--------+--------+--------+-----+--------+

Top non-repeatable levels by time:
     D:4: 1395 daAuts
     D:1: 874 daAuts
     D:3: 741 daAuts
     D:2: 674 daAuts
     D:5: 79 daAuts
 Abyss:1: 72 daAuts

Table legend:
 A = Kills in this place as a percentage of kills in entire the game.
 B = Kills by you in this place as a percentage of kills by you in the entire game.
 C = Kills by friends in this place as a percentage of kills by friends in the entire game.
 D = Other kills in this place as a percentage of other kills in the entire game.
 E = Experience gained in this place as a percentage of experience gained in the entire game.
 F = Experience gained in this place divided by the number of levels of this place that you have seen.
                   A       B       C       D       E      F
               +-------+-------+-------+-------+-------+----------------------
         Total | 100.0 | 100.0 |   N/A |   N/A | 100.0 |  93.7
       Dungeon | 100.0 | 100.0 |   N/A |   N/A | 100.0 | 112.4
               +-------+-------+-------+-------+-------+----------------------
